 Dungeon Crawl Stone Soup version 0.31-a0-986-g5e6e4ef867 (webtiles) character file.

Game seed: 7739487036136914623

16 Curundu the Trooper (level 2, -4/26 HPs)
             Began as a Draconian Berserker on Nov 9, 2023.
             Was a Follower of Trog.
             Frozen to death by an endoplasm (5 damage)
             ... on level 1 of the Dungeon.
             The game lasted 00:05:04 (800 turns).

Curundu the Trooper (Draconian Berserker)            Turns: 800, Time: 00:05:05

Health: -4/26      AC:  7    Str: 19    XL:     2   Next: 37%
Magic:  2/2        EV: 13    Int:  7    God:    Trog [*.....]
Gold:   12         SH:  0    Dex: 16    Spells: 1/1 levels left

rFire   . . .        a - +0 falchion
rCold   . . .        (no shield)
rNeg    . . .        (body armour unavailable)
rPois   .            (helmet restricted)
rElec   .            (no cloak)
rCorr   .            (no gloves)
SInv    .            g - +2 pair of boots
Will    .....        (no amulet)
Stlth   ++           f - +6 ring of dexterity
HPRegen 0.24/turn    (no ring)
MPRegen 0.08/turn

%: no passive effects
@: slowed, very slow
A: AC +4, unfitting armour, cold-blooded
a: Renounce Religion, Berserk


You were on level 1 of the Dungeon.
You worshipped Trog.
Trog was aware of your devotion.
You visited 1 branch of the dungeon, and saw 1 of its levels.

You collected 12 gold pieces.

Inventory:

Hand Weapons
 a - a +0 falchion (weapon)
Armour
 g - a +2 pair of boots (worn)
Jewellery
 f - a +6 ring of dexterity (left hand)
 h - a ring of protection from fire
Scrolls
 b - a scroll of revelation {unknown}
 c - a scroll of vulnerability {unknown}
 e - a scroll of teleportation {unknown}
 i - a scroll of fog {unknown}
 j - a scroll of poison {unknown}
Potions
 d - a potion of cancellation {unknown}
 k - a potion of brilliance {unknown}


   Skills:
 + Level 3.5 Fighting
 + Level 3.2 Long Blades
 + Level 3.0 Dodging
 + Level 0.2 Stealth


You had one spell level left.
You didn't know any spells.
Your spell library was empty.

Dungeon Overview and Level Annotations

Branches:
Dungeon (1/15)

Altars:


Innate Abilities, Weirdness & Mutations

Your plain brown scales are hard. (AC +4)
You cannot fit into any form of body armour.
You are cold-blooded and may be slowed by cold attacks.


Message History

Trog accepts your kill.
The giant cockroach completely misses you.
The giant cockroach bites you.
You barely miss the giant cockroach. The endoplasm freezes you.
You are frozen.
The giant cockroach completely misses you.
You hit the giant cockroach but do no damage.
The giant cockroach closely misses you. The endoplasm freezes you.
You are frozen.
You hit the giant cockroach.
The giant cockroach is severely wounded.
The giant cockroach misses you. The endoplasm freezes you.
You are frozen.
You feel yourself slow down. The giant cockroach closely misses you.
You closely miss the giant cockroach.
The giant cockroach is severely wounded.
The endoplasm freezes you.
You are frozen.
You feel as though you will be slow longer.
The giant cockroach barely misses you. The endoplasm freezes you.
You are frozen.
* * * LOW HITPOINT WARNING * * *
The giant cockroach misses you.
You hit the giant cockroach but do no damage.
The giant cockroach is severely wounded.
The giant cockroach barely misses you. The endoplasm freezes you.
You are frozen.
* * * LOW HITPOINT WARNING * * *
The giant cockroach closely misses you. The endoplasm closely misses you.
You slash the giant cockroach!
You kill the giant cockroach!
Trog accepts your kill. The endoplasm freezes you.
You are frozen.
You die...

....# ...# ......
...## ...... ....#
### ........ ....#
##.# ###.#......
....##...#
##.........
...##..#.####...#....
...[..##.##...##J†#
###............!@#
#.#...........#
####...#.........#
......##.........#
...#####.........#
..## ###..####.....
.#######.....#
......#
.#.......###.#
...##.# ...# ##.##...
.## #


You could see an endoplasm.

Vanquished Creatures
  A dart slug (D:1)
  An endoplasm (D:1)
  A giant cockroach (D:1)
  A goblin (D:1)
  4 hobgoblins (D:1)
  A kobold (D:1)
  2 ball pythons (D:1)
  3 frilled lizards (D:1)
14 creatures vanquished.

Notes
Turn   | Place    | Note
-------+----------+-------------------------------------------
     0 | D:1      | Curundu the Draconian Berserker began the quest for the
                  | Orb.
     0 | D:1      | Reached XP level 1. HP: 19/19 MP: 1/1
   404 | D:1      | Reached XP level 2. HP: 26/26 MP: 2/2
   799 | D:1      | HP: 1/26 [frozen (5)]
   800 | D:1      | Frozen to death by an endoplasm

Illustrated notes

Levels and vault maps discovered:
D:1:      denvon_arrival_planthouse, layout_rooms,
          chequers_ecumenical_altar_grove

Skill      XL: |  1  2 |
---------------+-------+-----
Dodging        | 3 |  3.0
Fighting       | |  3.5
Long Blades    | |  3.2
Stealth        | |  0.2

Action                     || total
---------------------------++-------
  Melee: Falchion          ||    49
         Tailslap          ||     5
 Armour: Skin              ||    12
  Dodge: Dodged            ||    40

Table legend: (Time is in decaauts)
 A = Elapsed time spent in this place.
 B = Non-inter-level travel time spent in this place.
 C = Inter-level travel time spent in this place.
 D = Time resting spent in this place.
 E = Time spent auto-exploring this place.
 F = Levels seen in this place.
 G = Mean time per level.
                   A        B        C        D        E       F      G
               +--------+--------+--------+--------+--------+-----+--------+
         Total |    808 |    808 |      0 |    218 |      0 |   1 |  808.0 |
       Dungeon |    808 |    808 |      0 |    218 |      0 |   1 |  808.0 |
               +--------+--------+--------+--------+--------+-----+--------+

Top non-repeatable levels by time:
     D:1: 808 daAuts
